 Dungeon Crawl Stone Soup version 0.23.2-33-g5129a83184 (webtiles) character file.

Game seed: 12492966099692871870

18 SniffOnMe the Skirmisher (level 2, 0/27 HPs)
             Began as a Hill Orc Abyssal Knight on July 25, 2019.
             Was a Follower of Lugonu.
             Slain by Crazy Yiuf
             ... wielding a +3 quarterstaff of chaos
              (1 damage)
             ... while petrified by Crazy Yiuf
             ... on level 2 of the Dungeon.
             The game lasted 00:06:03 (1264 turns).

SniffOnMe the Skirmisher (Hill Orc Abyssal Knight)  Turns: 1264, Time: 00:06:03

Health: 0/27       AC: 12    Str: 14      XL:     2   Next: 70%
Magic:  1/4        EV:  2    Int: 12      God:    Lugonu [*.....]
Gold:   49         SH:  0    Dex:  8 (10) Spells: 1/1 levels left

rFire    . . .     SeeInvis .   a - +1 hand axe
rCold    . . .     Gourm    .   (no shield)
rNeg     + + +     Faith    .   i - +0 plate armour (curse)
rPois    ∞         Spirit   .   h - +0 helmet
rElec    .         Reflect  .   (no cloak)
rCorr    .         Harm     .   (no gloves)
MR       .....                  (no boots)
Stlth    ..........             (no amulet)
HPRegen  0.09/turn              (no ring)
MPRegen  0.09/turn              (no ring)

@: petrified, very slightly contaminated, slowed, lightly drained, invisible
(expiring)
A: no striking features
a: Depart the Abyss, Renounce Religion


You were on level 2 of the Dungeon.
You worshipped Lugonu.
Lugonu was aware of your devotion.
You were not hungry.

You visited 1 branch of the dungeon, and saw 2 of its levels.
You visited the Abyss 1 time.

You collected 49 gold pieces.

Inventory:

Hand Weapons
 a - a +1 hand axe (weapon)
Armour
 b - a +0 leather armour
 h - a +0 helmet (worn)
 i - a cursed +0 plate armour (worn)
Scrolls
 d - a scroll of identify {unknown}
 g - a scroll of amnesia {unknown}
 k - 2 scrolls of remove curse {unknown}
 q - a scroll of enchant armour {unknown}
Potions
 e - 2 potions of degeneration {unknown}
 f - a potion of curing {unknown}
 j - a potion of haste {unknown}
 l - a potion of agility {unknown}
 m - 2 potions of brilliance {unknown}
 n - a potion of heal wounds {unknown}
 p - 2 potions of flight {unknown}
Comestibles
 c - 4 rations
 o - 3 chunks of flesh


   Skills:
 + Level 3.8(3.5) Fighting
 + Level 3.0(2.7) Axes
 + Level 2.8(2.5) Armour
 + Level 1.0(0.7) Dodging
 + Level 2.7(2.4) Invocations


You had one spell level left.
You didn't know any spells.
Your spell library was empty.

Dungeon Overview and Level Annotations

Branches:
Dungeon (2/15)

Altars:
Okawaru

Annotations:
D:2 Crazy Yiuf


Message History

You closely miss Crazy Yiuf.
Crazy Yiuf is heavily wounded.
Crazy Yiuf hits you but does no damage.
You hit Crazy Yiuf.
Crazy Yiuf is heavily wounded.
Crazy Yiuf hits you but does no damage.
You are slowing down.
You hit Crazy Yiuf.
Crazy Yiuf is severely wounded.
Crazy Yiuf hits you with a +3 quarterstaff of chaos!
* * * LOW HITPOINT WARNING * * *
Crazy Yiuf hits you but does no damage.
You have turned to stone.
You flicker for a moment.
Crazy Yiuf hits you but does no damage.
You feel yourself slow down.
Crazy Yiuf hits you with a +3 quarterstaff of chaos!
* * * LOW HITPOINT WARNING * * *
You feel your power leaking away. Crazy Yiuf hits you but does no damage.
Crazy Yiuf hits you with a +3 quarterstaff of chaos.
You die...

.##.###### ###.#
# #.##### #.....#
###..##
##.########
#.#....#.### ###
#)......#..##...#
#......####@g...#
##....## ###..)#
###### ###


You could see Crazy Yiuf.

Vanquished Creatures
  A worm (D:2)
  A dart slug (D:2)
  A leopard gecko (D:2)
  2 bats (D:1)
  2 hobgoblins
  A ball python (D:1)
  2 kobolds (D:2)
  5 rats
15 creatures vanquished.

Vanquished Creatures (others)
  6 starspawn tentacles (Abyss:2)
  5 toadstools (D:1)
11 creatures vanquished.

Grand Total: 26 creatures vanquished

Notes
Turn   | Place    | Note
-------+----------+-------------------------------------------
     0 | Abyss:1  | SniffOnMe the Hill Orc Abyssal Knight began the quest for
                  | the Orb.
     0 | Abyss:1  | Reached XP level 1. HP: 19/19 MP: 2/2
    98 | Abyss:1  | Noticed a quasit
   118 | Abyss:2  | Found a corrupted altar of Lugonu.
   126 | Abyss:2  | Found a corrupted altar of Lugonu.
   153 | Abyss:2  | Noticed a tentacled starspawn
   160 | Abyss:2  | Found a corrupted altar of Lugonu.
   168 | Abyss:2  | Noticed a guardian serpent
   188 | Abyss:2  | Noticed a small abomination
   189 | D:1      | Escaped the Abyss
   485 | D:1      | Reached skill level 1 in Dodging
   613 | D:1      | Reached * piety under Lugonu
   962 | D:1      | Found an iron altar of Okawaru.
  1008 | D:1      | Reached XP level 2. HP: 27/27 MP: 4/4
  1247 | D:2      | Found a runed translucent door.
  1248 | D:2      | Noticed Crazy Yiuf
  1262 | D:2      | HP: 1/27 [Crazy Yiuf/+3 quarterstaff of chaos (5)]
  1264 | D:2      | Slain by Crazy Yiuf

Skill      XL: |  1  2 |
---------------+-------+-----
Dodging        | 1 |  1.0
Axes           | 3 |  3.0
Fighting       | |  3.8
Armour         | |  2.8
Invocations    | |  2.7

Action                   || total
-------------------------++-------
Melee: Hand axe          ||    63
Invok: Depart the Abyss  ||     1
  Eat: Chunk             ||     1
Armor: Plate armour      ||    40
       Leather armour    ||     2
Dodge: Dodged            ||    32
